 Dungeon Crawl Stone Soup version 0.29-a0-653-gd47aff6735 (webtiles) character file.

Game seed: 13112153164835677323

3413 zeratav the Marksspriggan (level 9, -18/39 (40) HPs)
             Began as a Spriggan Arcane Marksman on June 21, 2022.
             Blown up by Pikel (22 damage)
             ... with a mindburst bolt
             ... on level 8 of the Dungeon.
             The game lasted 00:15:35 (8782 turns).

zeratav the Marksspriggan (SpAM)                    Turns: 8782, Time: 00:15:35

HP:   -18/39 (40)   AC:  4    Str:  6    XL:     9   Next: 76%
MP:   12/12         EV: 33    Int: 15    God:
Gold: 257           SH:  0    Dex: 25    Spells: 9/10 levels left

rFire   . . .      SeeInvis +   a - +0 shortbow {bow}
rCold   . . .      Faith    .   (shield currently unavailable)
rNeg    . . .      Spirit   .   b - +0 robe
rPois   .          Reflect  .   h - +2 hat
rElec   .          Harm     .   (no cloak)
rCorr   .          Rampage  .   (gloves unavailable)
Will    +....                   (boots unavailable)
Stlth   +++.......              x - amulet of the acrobat
HPRegen 0.13/turn               A - +6 ring of dexterity
MPRegen 0.13/turn               (no ring)

@: acrobatic, lightly drained, very quick
A: very small, no large weapons, unfitting armour, see invisible, speed 3
a: no special abilities


You were on level 8 of the Dungeon.
You visited 2 branches of the dungeon, and saw 9 of its levels.

You collected 491 gold pieces.
You spent 234 gold pieces at shops.


Innate Abilities, Weirdness & Mutations

You are very small and have problems with some larger weapons.
You are too small for most types of armour.
You have supernaturally acute eyesight. (SInv)
You cover ground extremely quickly. (Speed+++)


   Skills:
 - Level 0.7 Fighting
 + Level 15.8 Bows
 - Level 2.6 Dodging
 - Level 5.0 Stealth
 - Level 0.3 Unarmed Combat
 - Level 1.3 Spellcasting
 - Level 3.6 Hexes


You had 9 spell levels left.
You knew the following spells:

 Your Spells              Type           Power      Damage    Failure   Level
a - Slow                  Hex            44%        N/A       5%          1

Your spell library contained the following spells:

 Spells                   Type           Power      Damage    Failure   Level
 Tukima's Dance           Hex            11%        N/A       16%         3
 Inner Flame              Hex/Fire       6%         N/A       34%         3
 Portal Projectile        Hex/Tloc       12%        N/A       34%         3
 Cause Fear               Hex            5%         N/A       47%         4
 Conjure Flame            Conj/Fire      1%         6-21      56%         3
 Gell's Gravitas          Tloc           1%         N/A       56%         3
 Ignite Poison            Fire/Tmut/Pois 1%         N/A       56%         3
 Teleport Other           Tloc           1%         N/A       56%         3
 Sticky Flame             Conj/Fire      1%         2d3       93%         4
 Blade Hands              Tmut           0%         N/A       100%        5
 Dispersal                Tloc           0%         N/A       100%        6

Inventory:

Hand Weapons
 a - a +0 shortbow (weapon) {bow}
 n - a +2 dagger of holy wrath {short}
   (You took it off a goblin on level 2 of the Dungeon)
Armour
 b - a +0 robe (worn)
 h - a +2 hat (worn)
   (You found it on level 1 of the Dungeon)
Jewellery
 x - an amulet of the acrobat (around neck)
   (You found it on level 3 of the Dungeon)
 A - a +6 ring of dexterity (left hand)
   (You bought it in a shop on level 4 of the Dungeon)
Wands
 j - a wand of iceblast (12)
   (You found it on level 7 of the Dungeon)
 B - a wand of quicksilver (21)
   (You found it on level 6 of the Dungeon)
 E - a wand of charming (8)
   (You found it on level 7 of the Dungeon)
Scrolls
 c - 2 scrolls of vulnerability {!r!r}
 d - 9 scrolls of identify {unknown}
 e - a scroll of summoning {unknown}
 g - 3 scrolls of blinking {unknown}
 k - a scroll of immolation {unknown}
 l - 3 scrolls of fog {unknown}
 m - 7 scrolls of teleportation {unknown}
 o - 2 scrolls of amnesia {unknown}
 r - a scroll of magic mapping {unknown}
 v - 2 scrolls of brand weapon {unknown}
 w - a scroll of silence {unknown}
 y - a scroll of acquirement {unknown}
 C - a scroll of poison {unknown}
Potions
 f - 2 potions of flight {unknown}
 i - 2 potions of invisibility {unknown}
 p - a potion of brilliance {unknown}
 q - 2 potions of curing {unknown}
 s - a potion of lignification {unknown}
 t - 3 potions of heal wounds {unknown}
 u - 3 potions of might {unknown}
 z - a potion of ambrosia {unknown}
 D - a potion of haste {unknown}
 F - 2 potions of attraction {unknown}
 G - a potion of cancellation {unknown}

Dungeon Overview and Level Annotations

Branches:
Dungeon (8/15) Zot: 26661  Temple (1/1) D:6 Zot: 5878
   Lair: D:8-11

Altars:
Cheibriados
Elyvilon
Fedhas
Gozag
Hepliaklqana
Kikubaaqudgha
Makhleb
Nemelex Xobeh
Okawaru
Qazlal
Ru
Sif Muna
Trog
Uskayaw
Vehumet
Wu Jian
Xom
Yredelemnul
Zin
The Shining One

Shops:
D:4 *   D:6 (

Annotations:
D:8 Pikel

............ #.# #.#
............ #.#### #.#
............. #....# #.#
.............# ####.# #.#
.............# #.# #.#
.............# #.# #.#
.............#
#####.###.##
.............#
#.......K..#
.............#
#@###......#
.............#
#.#######.##
.............# #.##......#
.............# #.##.#....#
.............###....#.#.##
#####.####.....######.#.#
#...................#
######.###.##.....###
#.###.##.#####


You could see Pikel.


Message History

You shoot an arrow.
The arrow hits the wight but does no damage.
The wight hits you with a +3 mace.
You feel drained.
HP[-6]
You now have 38 max hp (-2).
You take 6 damage, and now have 30/38 hp.
You shoot an arrow. The arrow hits the wight.
Shoot: a) +0 shortbow {bow}
Press: ? - help, Q - select action, (/) - cycle Shift-Dir - straight line, f/p - wight
Aim: a wight, wielding a +3 mace and wearing a +0 robe (almost destroyed, 71% to hit)
You shoot an arrow. The arrow hits the wight!
You destroy the wight!
You now have 39 max hp (+1).
Found an escape hatch in the floor.
F - a +3 mace {mace} You now have 234 gold pieces (gained 22).
Items here: ( )) [ †.
HP[+1]
You drop a +3 mace {mace}.
Items here: ( ))) †††.
HP[+8]
Your hp is fully restored (39).
Items here: ))) [[.
F - 2 murky blue potions You now have 249 gold pieces (gained 15).
Found a stone staircase leading down.
An orc comes into view. It is wielding a +0 falchion.
You shoot an arrow. The arrow hits the orc!
You kill the orc!
No target in view!
No target in view!
No target in view!
There is a stone staircase leading down here.
Things that are here:
a +0 falchion {long}; a +0 leather armour; an orc corpse No target in view!
G - a smoky silvery potion You now have 257 gold pieces (gained 8).
There is a shaft here.
Pikel and 2 lemures come into view.
Pikel is wielding a +1 whip of freezing, wearing a +2 robe of cold resistance and carrying a wand of mindburst (14).
You shoot an arrow. The arrow hits the lemure!
The lemure shouts! x2
You shoot an arrow. The arrow hits the lemure!
A lemure comes into view.
You shoot an arrow. The arrow closely misses the lemure.
You shoot an arrow. The arrow closely misses the lemure.
The arrow hits the lemure but does no damage.
Pikel says, "You'll make a fine lemure."
You shoot an arrow. The arrow barely misses the lemure.
The arrow hits the lemure.
You shoot an arrow. The arrow misses the lemure.
The arrow hits the lemure.
The lemure closely misses you.
You shoot an arrow. The arrow misses the lemure.
The arrow hits the lemure.
You shoot an arrow. The arrow barely misses the lemure.
The arrow hits the lemure!
The lemure closely misses you.
You shoot an arrow. The arrow hits the lemure!
You kill the lemure!
That felt strangely unrewarding.
You shoot an arrow. The arrow hits the lemure!
You kill the lemure!
That felt strangely unrewarding.
You shoot an arrow. The arrow hits Pikel!!
You shoot an arrow. The arrow hits Pikel.
You shoot an arrow. The arrow hits Pikel.
Pikel zaps a wand.
Your mind is blasted!
Ouch! That really hurt!
* * * LOW HITPOINT WARNING * * *
HP[-20]
You take 20 damage, and now have 19/39 hp.
MASSIVE DAMAGE!! (PAUSE)
You are too injured to fight recklessly!
Shoot: a) +0 shortbow {bow}
Press: ? - help, Q - select action, (/) - cycle Shift-Dir - straight line, f/p - Pikel
Aim: Pikel, wielding a +1 whip of freezing, wearing a +2 robe of cold resistance and carrying a wand of mindburst (13) (heavily wounded, 65% to hit)
You shoot an arrow. The arrow completely misses Pikel.
The arrow closely misses the lemure.
Shoot: a) +0 shortbow {bow}
Press: ? - help, Q - select action, (/) - cycle Shift-Dir - straight line, f/p - Pikel
Aim: Pikel, wielding a +1 whip of freezing, wearing a +2 robe of cold resistance and carrying a wand of mindburst (13) (heavily wounded, 65% to hit)
You shoot an arrow.
The arrow hits Pikel but does no damage.
A lemure comes into view.
Pikel zaps a wand.
Your mind is blasted!
* * * LOW HITPOINT WARNING * * *
HP[-18]
You take 18 damage, and now have 1/39 hp.
MASSIVE DAMAGE!! (PAUSE) HP[+1]
Okay, then.
HP[+1]
You start resting.
Pikel is nearby!
HP[+1] Pikel zaps a wand.
Your mind is blasted!
Ouch! That really hurt!
You die...

Skill      XL: |  1  2  3  4  5  6  7  8  9 |
---------------+----------------------------+-----
Bows           | 3 4 5 6 7 9 10 13 15 | 15.8
Stealth        | 5 |  5.0
Fighting       | |  0.7
Dodging        | |  2.6
Unarmed Combat | |  0.3
Spellcasting   | |  1.3
Hexes          | |  3.6

Action                   |  1- 3 |  4- 6 |  7- 9 || total
-------------------------+-------+-------+-------++-------
Melee: Dagger            |       |       |     5 ||     5
 Fire: Shortbow          |   104 |   142 |   405 ||   651
 Cast: Slow              |     3 |    11 |     4 ||    18
 Stab: Sleeping          |       |       |     1 ||     1
Armor: Robe              |     1 |    14 |     9 ||    24
Dodge: Dodged            |    14 |    91 |   113 ||   218

Levels and vault maps discovered:
D:1:      dpeg_arrival_pits, layout_basic
D:2:      layout_basic, basic_altar, minmay_misc_feat_encased, st_stairs_5,
          small_statue_intersection, solitary_fountain,
          minmay_increasing_density, uniq_robin
D:3:      layout_rooms, nicolae_overflow_hidden_temple, fedhas_ov_isle_minmay,
          hellmonk_ecumenical_altar_heavens_door
D:4:      layout_gridville, nicolae_shop_clearance
D:5:      layout_cave_pods, mainiacjoe_overflow_paths
D:6:      old_forge, layout_cave_pods, nemelex_xobeh_ov_fountains_minmay,
          minmay_temple_entry_steel_oval, serial_column_ruins,
          column_ruins_corridor_corner, column_ruins_corridor_straight,
          column_ruins_open_tiny, column_ruins_grid_1, column_ruins_open_small,
          serial_shops, nicolae_shop_bloodbath_and_beyond, uniq_sigmund,
          uniq_prince_ribbit1
D:7:      layout_basic, hangedman_abyss_or_decor_stabs,
          hellmonk_bongcloud_opening, minmay_fire_ice_demons
D:8:      layout_basic, uniq_pikel
Temple:   regret_index_temple_sphere_string

Notes
Turn   | Place    | Note
-------+----------+-------------------------------------------
     0 | D:1      | zeratav the Spriggan Arcane Marksman began the quest for
                  | the Orb.
     0 | D:1      | Reached XP level 1. HP: 9/9 MP: 3/3
     0 | D:1      | magus.rc [v1.9.6]
    88 | D:1      | Reached skill level 3 in Bows
   322 | D:1      | Reached XP level 2. HP: 14/14 MP: 5/5
   913 | D:1      | Reached skill level 4 in Bows
  1072 | D:2      | Reached XP level 3. HP: 17/17 MP: 6/6
  1188 | D:2      | Identified the +0 robe "Icoater" {SInv}
  1241 | D:2      | Noticed Robin
  1280 | D:2      | Killed Robin
  1375 | D:2      | Reached skill level 5 in Bows
  1631 | D:2      | Reached XP level 4. HP: 21/21 MP: 7/7
  1939 | D:2      | Found a glowing golden altar of the Shining One.
  2125 | D:3      | Noticed a phantom
  2170 | D:3      | You fall into a shaft and drop 3 floors!
  2170 | D:6      | Found a sparkling altar of Nemelex Xobeh.
  2299 | D:6      | Reached skill level 6 in Bows
  2311 | D:6      | Noticed a scorpion
  2312 | D:6      | Noticed a scorpion
  2344 | D:6      | Killed a scorpion
  2345 | D:6      | Reached XP level 5. HP: 25/25 MP: 4/8
  2346 | D:6      | Found a staircase to the Ecumenical Temple.
  2361 | Temple   | Entered the Ecumenical Temple
  2560 | D:6      | Noticed Sigmund
  2560 | D:6      | Noticed a centaur
  2582 | D:6      | HP: 5/25 [centaur (2)]
  2583 | D:6      | HP: 1/25 [centaur (4)]
  2612 | D:5      | Entered Level 5 of the Dungeon
  2893 | D:5      | Reached skill level 7 in Bows
  2918 | D:5      | Reached XP level 6. HP: 29/29 MP: 9/9
  2920 | D:5      | You add the spells Gell's Gravitas, Teleport Other and
                  | Dispersal to your library.
  3026 | D:5      | Reached skill level 8 in Bows
  3301 | D:5      | Found a bloodstained altar of Trog.
  3440 | D:5      | Noticed an ice beast
  3448 | D:5      | Reached skill level 9 in Bows
  3511 | D:5      | Killed an ice beast
  3512 | D:5      | Reached XP level 7. HP: 14/32 MP: 10/10
  4092 | D:4      | Reached skill level 10 in Bows
  4092 | D:4      | Reached skill level 1 in Stealth
  4207 | D:4      | Reached skill level 2 in Stealth
  4316 | D:4      | Found Raept's CLEARANCE SALE!.
  4624 | D:4      | Reached skill level 3 in Stealth
  5079 | D:3      | Found a shimmering blue altar of Sif Muna.
  5147 | D:3      | Reached skill level 5 in Stealth
  5299 | D:3      | You add the spells Conjure Flame, Ignite Poison and Sticky
                  | Flame to your library.
  5329 | D:3      | Found a blossoming altar of Fedhas.
  5474 | D:3      | Found a faded altar of an unknown god.
  5744 | D:6      | Noticed Prince Ribbit
  5926 | D:5      | Killed Prince Ribbit
  5927 | D:5      | Reached XP level 8. HP: 23/37 MP: 11/11
  6185 | D:6      | Reached skill level 11 in Bows
  6209 | D:6      | Killed Sigmund
  6322 | D:6      | Found Zeqirhon's Weapon Emporium.
  6469 | D:4      | Bought a +6 ring of dexterity for 234 gold pieces
  6785 | D:6      | Reached skill level 12 in Bows
  6805 | D:6      | You pick up a book of Weapons and begin reading...
  6805 | D:6      | You add the spells Tukima's Dance and Blade Hands to your
                  | library.
  6813 | D:6      | D - a -2 executioner's axe {axerare=g}
  7295 | D:7      | Reached skill level 13 in Bows
  7419 | D:7      | Reached XP level 9. HP: 40/40 MP: 12/12
  7732 | D:7      | Reached skill level 14 in Bows
  7973 | D:7      | Reached skill level 15 in Bows
  8255 | D:7      | You drop a -2 executioner's axe {axerare=g}.
  8256 | D:7      | D - a -2 executioner's axe {axerare=g}
  8257 | D:7      | You drop a -2 executioner's axe {axerare=g}.
  8725 | D:8      | Noticed Pikel
  8753 | D:8      | HP: 1/39 [disintegration (18)]
  8782 | D:8      | Blown up by Pikel

Vanquished Creatures
  Prince Ribbit (D:5)
  Sigmund (D:6)
  5 yaks (D:7)
  A steam dragon (D:7)
  A water moccasin (D:7)
  A black bear (D:7)
  2 ice beasts
  2 sky beasts (D:7)
  A centaur (D:6)
  3 phantoms
  2 lemures (D:8)
  2 kobold brigands
  3 bullfrogs
  4 scorpions
  4 wights (D:8)
  A crimson imp (D:7)
  4 hounds
  6 iguanas
  An orc wizard (D:5)
  Robin (D:2)
  8 adders
  2 shadow imps
  A white imp (D:7)
  2 ufetubi (D:6)
  3 worms
  2 dart slugs (D:4)
  7 orcs
  8 bats
  9 endoplasms
  A giant cockroach (D:2)
  10 goblins
  9 hobgoblins
  10 jackals
  4 quokkas
  9 ball pythons
  2 frilled lizards (D:3)
  11 kobolds
  6 rats
150 creatures vanquished.

Vanquished Creatures (others)
  13 fungi (D:6)
13 creatures vanquished.

Grand Total: 163 creatures vanquished

Table legend:
 A = Non-vault XP
 B = Vault XP
 C = Vault XP percentage of total XP
 D = Non-vault monster count
 E = Vault monster count
 F = Vault count percentage of total count
                 A         B        C        D         E       F
            +---------+---------+-------+---------+---------+-------
      Total |    4074 |     803 |  16.5 |     121 |      27 |  18.2
            +---------+---------+-------+---------+---------+-------
        D:1 |      29 |       0 |   0.0 |      18 |       0 |   0.0
        D:2 |      57 |      45 |  44.1 |      19 |      15 |  44.1
        D:3 |     166 |       0 |   0.0 |      14 |       0 |   0.0
        D:4 |     228 |       0 |   0.0 |      19 |       0 |   0.0
        D:5 |     629 |     283 |  31.0 |      12 |       1 |   7.7
        D:6 |     280 |     415 |  59.7 |       8 |       9 |  52.9
        D:7 |    2179 |      60 |   2.7 |      17 |       2 |  10.5
        D:8 |     506 |       0 |   0.0 |      14 |       0 |   0.0
            +---------+---------+-------+---------+---------+-------

Illustrated notes

Table legend:
 A = Kills in this place as a percentage of kills in entire the game.
 B = Kills by you in this place as a percentage of kills by you in the entire game.
 C = Kills by friends in this place as a percentage of kills by friends in the entire game.
 D = Other kills in this place as a percentage of other kills in the entire game.
 E = Experience gained in this place as a percentage of experience gained in the entire game.
 F = Experience gained in this place divided by the number of levels of this place that you have seen.
                   A       B       C       D       E      F
               +-------+-------+-------+-------+-------+----------------------
         Total | 100.0 | 100.0 |   N/A |   N/A | 100.0 | 541.9
       Dungeon | 100.0 | 100.0 |   N/A |   N/A | 100.0 | 609.6
               +-------+-------+-------+-------+-------+----------------------

Table legend: (Time is in decaauts)
 A = Elapsed time spent in this place.
 B = Non-inter-level travel time spent in this place.
 C = Inter-level travel time spent in this place.
 D = Time resting spent in this place.
 E = Time spent auto-exploring this place.
 F = Levels seen in this place.
 G = Mean time per level.
                   A        B        C        D        E       F      G
               +--------+--------+--------+--------+--------+-----+--------+
         Total |   6575 |   6324 |    251 |    878 |   4291 |   9 |  730.6 |
       Dungeon |   6454 |   6216 |    238 |    878 |   4192 |   8 |  806.8 |
        Temple |    121 |    108 |     13 |      0 |     98 |   1 |  121.0 |
               +--------+--------+--------+--------+--------+-----+--------+

Top non-repeatable levels by time:
     D:5: 1408 daAuts
     D:6: 917 daAuts
     D:7: 914 daAuts
     D:4: 878 daAuts
     D:2: 799 daAuts
     D:1: 688 daAuts
     D:3: 510 daAuts
     D:8: 338 daAuts
  Temple: 121 daAuts
